TL
EL PASO CHIHUAHUAS @ ALBUQUERQUE DUKES
04/18/1982
 
TOP OF THE 1ST
El Paso Chihuahuas batting - Pitching for Albuquerque Dukes : RHP Rafaele Cerretti
Pitching: RHP Rafaele Cerretti
Batting: LHB Andy Van Slyke 0-0: Foul Ball, location: 2F
0-1: Ball
1-1: Foul Ball, location: 2F
1-2: SINGLE (Groundball, 56D, EV 110.0 MPH)
Batting: RHB Julio Acevedo 0-0: Fielders Choice at 2nd, 3-6 (Groundball, 3, EV 78.8 MPH)
Batting: RHB Jesse Vann 0-0: Foul Ball, location: 2F
0-1: Called Strike
0-2: Foul Ball, location: 2F
0-2: Strikes out looking
Batting: LHB Jerry Littmann 0-0: Ball
1-0: Fly out, F8 (Flyball, 78D, EV 100.6 MPH)
Top of the 1st over - 0 runs, 1 hit, 0 errors, 1 left on base; El Paso 0 - Albuquerque 0
BOTTOM OF THE 1ST
Albuquerque Dukes batting - Pitching for El Paso Chihuahuas : RHP Alejandro Pena
Pitching: RHP Alejandro Pena
Batting: LHB Andres Romero 0-0: Called Strike
0-1: Ball
1-1: Called Strike
1-2: Ball
2-2: Foul Ball, location: 2F
2-2: Ball
3-2: Strikes out looking
Batting: RHB Steven Patterson 0-0: Called Strike
0-1: SINGLE (Groundball, 56D, EV 101.3 MPH)
Batting: LHB Darren Daulton 0-0: Ball
1-0: Foul Ball, location: 2F
1-1: Foul Ball, location: 2F
1-2: Ball
2-2: Fielders Choice at 2nd, 4-6 (Groundball, 34, EV 104.4 MPH)
Batting: LHB Dave Yobs 0-0: Foul Ball, location: 2F
0-1: Ball
1-1: Ball
2-1: Ball
3-1: Base on Balls
Darren Daulton to second
Pitching: RHP Tom Smith
Batting: RHB Jeffrey Ronk 0-0: Fly out, F6 (Flyball, 56D, EV 77.5 MPH)
Bottom of the 1st over - 0 runs, 1 hit, 0 errors, 2 left on base; El Paso 0 - Albuquerque 0
TOP OF THE 2ND
El Paso Chihuahuas batting - Pitching for Albuquerque Dukes : RHP Rafaele Cerretti
Batting: RHB Bill Lyons 0-0: Ball
1-0: Ground out 5-3 (Groundball, 56, EV 84.4 MPH)
Batting: LHB Dan Murphy 0-0: Foul Ball, location: 2F
0-1: Ball
1-1: Ball
2-1: Ball
3-1: TRIPLE (Flyball, 78XD, EV 98.1 MPH)
Batting: RHB Tom Roarke 0-0: Ball
1-0: Ball
2-0: SINGLE (Groundball, 6M, EV 105.6 MPH)
Dan Murphy scores
Batting: RHB Leo George 0-0: Foul Ball, location: 2F
0-1: Called Strike
0-2: Foul Ball, location: 2F
0-2: Ball
1-2: Ball
2-2: 2-RUN HOME RUN (Flyball, 78XD, EV 110.6 MPH), Distance : 408 ft
Batting: RHB William Parmenter 0-0: Ball
1-0: Foul Ball, location: 2F
1-1: Called Strike
1-2: Strikes out swinging, 2-3 out at first.
Batting: LHB Andy Van Slyke 0-0: Ball
1-0: Fly out, F5 (Popup, 5SF, EV 69.4 MPH)
Top of the 2nd over - 3 runs, 3 hits, 0 errors, 0 left on base; El Paso 3 - Albuquerque 0
BOTTOM OF THE 2ND
Albuquerque Dukes batting - Pitching for El Paso Chihuahuas : RHP Tom Smith
Batting: RHB George Foussianes 0-0: Called Strike
0-1: Ball
1-1: Ball
2-1: Ball
3-1: Foul Ball, location: 2F
3-2: Foul Ball, location: 2F
3-2: DOUBLE (Line Drive, 9LM, EV 100.0 MPH)
Batting: LHB Matthew Henderson 0-0: Called Strike
0-1: Ball
1-1: Reached on error, E5 (Groundball, 56S, EV 76.9 MPH)
George Foussianes scores
Batting: RHB James Oros 0-0: Ball
1-0: Called Strike
1-1: Foul Ball, location: 2F
1-2: Foul Ball, location: 2F
1-2: Fly out, F9 (Line Drive, 9D, EV 98.1 MPH)
Runner from 2nd tags up, SAFE at 3rd, no throw by RF
Batting: RHB Kevin Harvey 0-0: Foul Ball, location: 2F
0-1: Ball
1-1: Called Strike
1-2: Foul Ball, location: 2F
1-2: Ball
2-2: Ground out 1-3 (Groundball, 13S, EV 76.9 MPH)
Batting: LHB Andres Romero 0-0: Ball
1-0: Ball
2-0: Ball
3-0: Called Strike
3-1: Base on Balls
Batting: RHB Steven Patterson 0-0: Ball
1-0: Ball
Andres Romero steals 2nd base (no throw)
2-0: Ball
3-0: Called Strike
3-1: Swinging Strike
3-2: Base on Balls
Batting: LHB Darren Daulton 0-0: Foul Ball, location: 2F
0-1: Fly out, F7 (Flyball, 7LM, EV 87.5 MPH)
Bottom of the 2nd over - 1 run, 1 hit, 1 error, 3 left on base; El Paso 3 - Albuquerque 1
TOP OF THE 3RD
El Paso Chihuahuas batting - Pitching for Albuquerque Dukes : RHP Rafaele Cerretti
Batting: RHB Julio Acevedo 0-0: Called Strike
0-1: Called Strike
0-2: Strikes out swinging
Batting: RHB Jesse Vann 0-0: Ball
1-0: Fly out, F8 (Flyball, 8LD, EV 78.8 MPH)
Batting: LHB Jerry Littmann 0-0: Called Strike
0-1: Ball
1-1: Ball
2-1: Foul Ball, location: 2F
2-2: Ground out 6-3 (Groundball, 6, EV 82.5 MPH)
Top of the 3rd over - 0 runs, 0 hits, 0 errors, 0 left on base; El Paso 3 - Albuquerque 1
BOTTOM OF THE 3RD
Albuquerque Dukes batting - Pitching for El Paso Chihuahuas : RHP Tom Smith
Batting: LHB Dave Yobs 0-0: Ball
1-0: Ball
2-0: Ball
3-0: Called Strike
3-1: SOLO HOME RUN (Flyball, 9LD, EV 103.1 MPH), Distance : 347 ft
Batting: RHB Jeffrey Ronk 0-0: Ball
1-0: Ball
2-0: Called Strike
2-1: Fly out, F9 (Line Drive, 9, EV 88.8 MPH)
Batting: RHB George Foussianes 0-0: Fly out, F7 (Flyball, 7S, EV 86.3 MPH)
Batting: LHB Matthew Henderson 0-0: Called Strike
0-1: Ball
1-1: Ball
2-1: SINGLE (Groundball, 6S, EV 75.6 MPH) (infield hit)
Batting: RHB James Oros 0-0: Ball
1-0: SINGLE (Groundball, 5S, EV 67.5 MPH) (infield hit)
Matthew Henderson to second
Batting: RHB Kevin Harvey 0-0: Called Strike
0-1: Ball
1-1: Foul Ball, location: 2F
1-2: Ball
2-2: Foul Ball, location: 2F
2-2: Ball
3-2: Foul Ball, location: 2F
3-2: SINGLE (Line Drive, 4D, EV 106.9 MPH)
Matthew Henderson to third
James Oros to second
Matthew Henderson scores
James Oros to third
Batting: LHB Andres Romero 0-0: Ball
1-0: Called Strike
1-1: 3-RUN HOME RUN (Flyball, 9D, EV 106.3 MPH), Distance : 369 ft
Pitching: RHP Rick DeLoach
Batting: RHB Steven Patterson 0-0: Foul Ball, location: 2F
0-1: Ball
1-1: Fly out, F8 (Flyball, 8LS, EV 80.0 MPH)
Bottom of the 3rd over - 5 runs, 5 hits, 0 errors, 0 left on base; El Paso 3 - Albuquerque 6
TOP OF THE 4TH
El Paso Chihuahuas batting - Pitching for Albuquerque Dukes : RHP Rafaele Cerretti
Batting: RHB Bill Lyons 0-0: Ball
1-0: TRIPLE (Flyball, 89XD, EV 95.6 MPH)
Batting: LHB Dan Murphy 0-0: Ball
1-0: Called Strike
1-1: Ground out 6-3 (Groundball, 6, EV 91.3 MPH)
Bill Lyons scores
Batting: RHB Tom Roarke 0-0: Called Strike
0-1: Foul Ball, location: 2F
0-2: Strikes out swinging
Batting: RHB Leo George 0-0: Ball
1-0: Foul Ball, location: 2F
1-1: Foul Ball, location: 2F
1-2: Ball
2-2: Foul Ball, location: 2F
2-2: Ground out 6-3 (Groundball, 6, EV 85.6 MPH)
Top of the 4th over - 1 run, 1 hit, 0 errors, 0 left on base; El Paso 4 - Albuquerque 6
BOTTOM OF THE 4TH
Albuquerque Dukes batting - Pitching for El Paso Chihuahuas : RHP Rick DeLoach
Batting: LHB Darren Daulton 0-0: Swinging Strike
0-1: Swinging Strike
0-2: Ball
1-2: Ball
2-2: Foul Ball, location: 2F
2-2: Ball
3-2: Foul Ball, location: 2F
3-2: SINGLE (Line Drive, 6D, EV 93.8 MPH)
Batting: LHB Dave Yobs 0-0: Called Strike
0-1: Ball
1-1: Ball
2-1: SINGLE (Line Drive, 89S, EV 95.0 MPH)
Darren Daulton to second
Runner from 2nd tries for 3rd, SAFE, no throw by RF
Batting: RHB Jeffrey Ronk 0-0: Foul Ball, location: 2F
0-1: Ball
1-1: Ball
2-1: Ball
3-1: Grounds into double play, 5-4-3 (Groundball, 56, EV 88.1 MPH)
Darren Daulton scores
Batting: RHB George Foussianes 0-0: Ball
1-0: Called Strike
1-1: Swinging Strike
1-2: Foul Ball, location: 2F
1-2: Ball
2-2: Ball
3-2: Ground out 5-3 (Groundball, 56S, EV 67.5 MPH)
Bottom of the 4th over - 1 run, 2 hits, 0 errors, 0 left on base; El Paso 4 - Albuquerque 7
TOP OF THE 5TH
El Paso Chihuahuas batting - Pitching for Albuquerque Dukes : RHP Rafaele Cerretti
Batting: RHB William Parmenter 0-0: Ball
1-0: Foul Ball, location: 2F
1-1: Called Strike
1-2: Foul Ball, location: 2F
1-2: Ball
2-2: Foul Ball, location: 2F
2-2: Foul Ball, location: 2F
2-2: Strikes out swinging
Batting: LHB Andy Van Slyke 0-0: SINGLE (Flyball, 78S, EV 88.8 MPH)
Batting: RHB Julio Acevedo 0-0: Called Strike
0-1: Ball
1-1: Called Strike
1-2: Ball
2-2: Foul Ball, location: 2F
2-2: Fly out, F9 (Flyball, 9D, EV 96.9 MPH)
Runner from 1st tags up, SAFE at 2nd
Batting: RHB Jesse Vann 0-0: Ball
1-0: Ball
2-0: Ball
3-0: Base on Balls
Batting: LHB Jerry Littmann 0-0: Ball
1-0: Foul Ball, location: 2F
1-1: Swinging Strike
1-2: Ball
2-2: SINGLE (Line Drive, 7S, EV 90.0 MPH)
Andy Van Slyke to third
Jesse Vann to second
Runner from 3rd tries for Home, SAFE, throw by LF to home
Pitching: RHP Mike Maddux
Batting: RHB Bill Lyons 0-0: Ball
1-0: Swinging Strike
1-1: Fielders Choice at 2nd, 6-4 (Groundball, 56, EV 101.9 MPH)
Top of the 5th over - 1 run, 2 hits, 0 errors, 2 left on base; El Paso 5 - Albuquerque 7
BOTTOM OF THE 5TH
Albuquerque Dukes batting - Pitching for El Paso Chihuahuas : RHP Rick DeLoach
Batting: LHB Matthew Henderson 0-0: Ball
1-0: Foul Ball, location: 2F
1-1: Ball
2-1: Ball
3-1: Base on Balls
Batting: RHB James Oros 0-0: Grounds into double play, 5-4-3 (Groundball, 5, EV 83.8 MPH)
Batting: RHB Kevin Harvey 0-0: Foul Ball, location: 2F
0-1: Foul Ball, location: 2F
0-2: Ball
1-2: Ball
2-2: Foul Ball, location: 2F
2-2: Foul Ball, location: 2F
2-2: Fly out, F5 (Line Drive, 5, EV 68.1 MPH)
Bottom of the 5th over - 0 runs, 0 hits, 0 errors, 0 left on base; El Paso 5 - Albuquerque 7
TOP OF THE 6TH
El Paso Chihuahuas batting - Pitching for Albuquerque Dukes : RHP Mike Maddux
Batting: LHB Dan Murphy 0-0: Called Strike
0-1: Swinging Strike
0-2: Fly out, F5 (Popup, 56S, EV 85.6 MPH)
Batting: RHB Tom Roarke 0-0: Swinging Strike
0-1: Ball
1-1: Foul Ball, location: 2F
1-2: Foul Ball, location: 2F
1-2: Strikes out swinging
Batting: RHB Leo George 0-0: Called Strike
0-1: Ball
1-1: Ball
2-1: Fly out, F8 (Line Drive, 8RD, EV 88.8 MPH)
Top of the 6th over - 0 runs, 0 hits, 0 errors, 0 left on base; El Paso 5 - Albuquerque 7
BOTTOM OF THE 6TH
Albuquerque Dukes batting - Pitching for El Paso Chihuahuas : RHP Rick DeLoach
Batting: LHB Andres Romero 0-0: Fly out, F7 (Flyball, 7S, EV 93.8 MPH)
Batting: RHB Steven Patterson 0-0: Ball
1-0: Foul Ball, location: 2F
1-1: Ball
2-1: Ball
3-1: Swinging Strike
3-2: Base on Balls
Batting: LHB Darren Daulton 0-0: Ball
1-0: Foul Ball, location: 2F
1-1: Ball
2-1: Ball
Steven Patterson steals 2nd base
3-1: Foul Ball, location: 2F
3-2: SINGLE (Groundball, 56S, EV 75.6 MPH) (infield hit)
Steven Patterson to third
Batting: LHB Dave Yobs 0-0: Ball
1-0: Ball
2-0: Foul Ball, location: 2F
2-1: Ball
3-1: Base on Balls
Darren Daulton to second
Batting: RHB Jeffrey Ronk 0-0: Ball
1-0: Called Strike
1-1: SINGLE (Groundball, 6MD, EV 95.6 MPH)
Steven Patterson scores
Darren Daulton to third
Dave Yobs to second
Runner from 3rd tries for Home, SAFE, throw by CF to home
Pitching: RHP David Harrigan
Batting: RHB George Foussianes 0-0: Fly out, F8 (Flyball, 78M, EV 94.4 MPH)
Batting: LHB Matthew Henderson 0-0: Called Strike
0-1: Ball
1-1: Foul Ball, location: 2F
1-2: Ball
2-2: Foul Ball, location: 2F
2-2: SINGLE (Groundball, 34S, EV 71.3 MPH) (infield hit)
Dave Yobs to third
Jeffrey Ronk to second
Batting: RHB James Oros 0-0: Called Strike
0-1: Ball
1-1: GRAND SLAM HOME RUN (Flyball, 7LD, EV 108.1 MPH), Distance : 359 ft
Batting: RHB Kevin Harvey 0-0: Called Strike
0-1: Ball
1-1: Foul Ball, location: 2F
1-2: Ball
2-2: Ball
3-2: Ground out 6-3 (Groundball, 6, EV 90.0 MPH)
Bottom of the 6th over - 6 runs, 4 hits, 0 errors, 0 left on base; El Paso 5 - Albuquerque 13
TOP OF THE 7TH
El Paso Chihuahuas batting - Pitching for Albuquerque Dukes : RHP Mike Maddux
Pinch Hitting: RHB Antonio Pilla 0-0: Called Strike
0-1: Ball
1-1: Ball
2-1: Foul Ball, location: 2F
2-2: Ball
3-2: Base on Balls
Pinch Hitting: RHB Frederick DeVito 0-0: Ball
1-0: Foul Ball, location: 2F
1-1: Foul Ball, location: 2F
1-2: Ball
2-2: Fly out, F9 (Flyball, 89S, EV 90.6 MPH)
Pinch Hitting: SHB Otis Tramble 0-0: Ball
1-0: Fielders Choice at 2nd, 4-6 (Groundball, 4, EV 104.4 MPH)
Pinch Hitting: RHB James Fabiano 0-0: Ball
1-0: Swinging Strike
1-1: Ball
2-1: Foul Ball, location: 2F
2-2: Strikes out looking
Top of the 7th over - 0 runs, 0 hits, 0 errors, 1 left on base; El Paso 5 - Albuquerque 13
BOTTOM OF THE 7TH
Albuquerque Dukes batting - Pitching for El Paso Chihuahuas : RHP David Harrigan
Now at 1B: Scot Pyle
Now at 3B: Frederick DeVito
Now at SS: Antonio Pilla
Now in LF: Manny Guerrero
Pinch Hitting: RHB Edward Gates 0-0: Ball
1-0: Ball
2-0: Called Strike
2-1: Ball
3-1: Base on Balls
Batting: RHB Steven Patterson 0-0: Called Strike
0-1: Ball
1-1: Fly out, F7 (Flyball, 78M, EV 76.9 MPH)
Batting: LHB Darren Daulton 0-0: Called Strike
0-1: Ball
1-1: Swinging Strike
1-2: Ball
Wild Pitch!
Edward Gates to second
2-2: Ball
3-2: Base on Balls
Batting: LHB Dave Yobs 0-0: DOUBLE (Flyball, 8LXD, EV 102.5 MPH)
Edward Gates scores
Darren Daulton to third
Runner from 3rd tries for Home, SAFE, throw by CF to trailing runner, SAFE at third!
Batting: RHB Jeffrey Ronk 0-0: Called Strike
0-1: Swinging Strike
0-2: Ball
1-2: Ball
2-2: SINGLE (Groundball, 56D, EV 93.8 MPH)
Dave Yobs scores
Pitching: RHP Gary Kaczor
Batting: RHB George Foussianes 0-0: Ball
1-0: Ball
2-0: Ball
Wild Pitch!
Jeffrey Ronk to second
3-0: Base on Balls
Batting: LHB Matthew Henderson 0-0: Ball
1-0: Swinging Strike
1-1: Foul Ball, location: 2F
1-2: Ball
2-2: Ball
3-2: Base on Balls
Jeffrey Ronk to third
George Foussianes to second
Pinch Hitting: LHB Emil Drzayich 0-0: Called Strike
0-1: Ball
1-1: SINGLE (Flyball, 78S, EV 92.5 MPH)
Jeffrey Ronk scores
George Foussianes to third
Matthew Henderson to second
Batting: RHB Kevin Harvey 0-0: Ball
1-0: Foul Ball, location: 2F
1-1: Foul Ball, location: 2F
1-2: Foul Ball, location: 2F
1-2: Ball
2-2: Fly out, F3 (Popup, 3L, EV 71.9 MPH)
Batting: RHB Edward Gates 0-0: Foul Ball, location: 2F
0-1: Ball
1-1: Ball
Wild Pitch!
George Foussianes scores
Matthew Henderson to third
Emil Drzayich to second
Balk!
Matthew Henderson scores
Emil Drzayich to third
2-1: Ball
3-1: Base on Balls
Batting: RHB Steven Patterson 0-0: Ball
1-0: Called Strike
1-1: SINGLE (Line Drive, 7S, EV 86.3 MPH)
Emil Drzayich scores
Edward Gates to second
Batting: LHB Darren Daulton 0-0: Called Strike
0-1: Ball
Wild Pitch!
Edward Gates to third
Steven Patterson to second
1-1: Swinging Strike
1-2: Ball
Wild Pitch!
Edward Gates scores
Steven Patterson to third
2-2: Ball
3-2: Fly out, F3 (Popup, 3L, EV 70.0 MPH)
Bottom of the 7th over - 8 runs, 4 hits, 0 errors, 1 left on base; El Paso 5 - Albuquerque 21
TOP OF THE 8TH
El Paso Chihuahuas batting - Pitching for Albuquerque Dukes : RHP Mike Maddux
Now at 1B: Emil Drzayich
Now in LF: Gus Malespin
Batting: LHB Jerry Littmann 0-0: Called Strike
0-1: Ball
1-1: Ground out 4-3 (Groundball, 4, EV 83.8 MPH)
Batting: RHB Bill Lyons 0-0: Foul Ball, location: 2F
0-1: Swinging Strike
0-2: Ball
1-2: Ball
2-2: Ball
3-2: Base on Balls
Pinch Hitting: LHB Matthew Vejar 0-0: Ball
1-0: Ball
2-0: Called Strike
2-1: Fly out, F7 (Flyball, 7, EV 93.1 MPH)
Batting: RHB Tom Roarke 0-0: Called Strike
0-1: SINGLE (Line Drive, 4D, EV 103.1 MPH)
Bill Lyons to second
Batting: RHB Leo George 0-0: Called Strike
0-1: Swinging Strike
0-2: Ball
1-2: Ground out 4-3 (Groundball, 4, EV 102.5 MPH)
Top of the 8th over - 0 runs, 1 hit, 0 errors, 2 left on base; El Paso 5 - Albuquerque 21
BOTTOM OF THE 8TH
Albuquerque Dukes batting - Pitching for El Paso Chihuahuas : RHP Gary Kaczor
Now in RF: Matthew Vejar
Batting: LHB Dave Yobs 0-0: Called Strike
0-1: Ball
1-1: Ball
2-1: Foul Ball, location: 2F
2-2: Foul Ball, location: 2F
2-2: Ball
3-2: SINGLE (Flyball, 3D, EV 88.8 MPH)
Batting: RHB Jeffrey Ronk 0-0: Ball
Wild Pitch!
Dave Yobs to second
1-0: SINGLE (Groundball, 56D, EV 97.5 MPH)
Dave Yobs to third
Runner from 3rd tries for Home, SAFE, throw by LF to home
Pitching: RHP Manuel Adams
Batting: RHB George Foussianes 0-0: Foul Ball, location: 2F
0-1: Called Strike
0-2: Strikes out swinging
Batting: LHB Matthew Henderson 0-0: Ball
1-0: Ball
2-0: Ball
3-0: Base on Balls
Jeffrey Ronk to second
Batting: LHB Emil Drzayich 0-0: Called Strike
0-1: Ball
1-1: Fielders Choice at 2nd, 4-6 (Groundball, 34D, EV 81.3 MPH)
Jeffrey Ronk to third
Batting: RHB Kevin Harvey 0-0: Ball
1-0: Ball
2-0: Called Strike
2-1: Foul Ball, location: 2F
2-2: Fly out, F8 (Line Drive, 8RM, EV 97.5 MPH)
Bottom of the 8th over - 1 run, 2 hits, 0 errors, 2 left on base; El Paso 5 - Albuquerque 22
TOP OF THE 9TH
El Paso Chihuahuas batting - Pitching for Albuquerque Dukes : RHP Mike Maddux
Batting: RHB Antonio Pilla 0-0: Called Strike
0-1: Ball
1-1: Swinging Strike
1-2: Ground out 5-3 (Groundball, 56S, EV 93.1 MPH)
Batting: RHB Frederick DeVito 0-0: Ball
1-0: Fly out, F6 (Flyball, 6D, EV 88.8 MPH)
Pinch Hitting: RHB Russell Burgin 0-0: DOUBLE (Groundball, 3L, EV 106.3 MPH)
Batting: RHB Scot Pyle 0-0: Foul Ball, location: 2F
0-1: Swinging Strike
0-2: Ball
1-2: Ball
2-2: Fly out, F7 (Flyball, 7LM, EV 92.5 MPH)
Top of the 9th over - 0 runs, 1 hit, 0 errors, 1 left on base; El Paso 5 - Albuquerque 22
Wednesday, July 22nd, 2020 - OOTP Baseball 21.4 Build 63